 Dungeon Crawl Stone Soup version 0.19.5 (webtiles) character file.

75 GEC the Magician (level 4, 0/36 HPs)
             Began as a Naga Wizard on Apr 13, 2017.
             Slain by a gnoll
             ... wielding a +0 flail
              (8 damage)
             ... on level 2 of the Dungeon.
             The game lasted 00:09:22 (1903 turns).

GEC the Magician (Naga Wizard)                      Turns: 1903, Time: 00:09:23

Health: 0/36       AC:  4    Str: 10    XL:     4   Next: 31%
Magic:  1/10       EV: 11    Int: 19    God:
Gold:   10         SH:  0    Dex:  9    Spells: 3 memorised, 6 levels left

rFire  x . .     SeeInvis +     f - +0 spear
rCold  + . .     Gourm    .     a - +0 robe
rNeg   . . .     Faith    .     (no shield)
rPois  +         Spirit   .     b - +0 hat
rElec  .         Reflect  .     j - +1 cloak
rCorr  .         Harm     .     (no gloves)
MR     .....                    (no barding)
Stlth  ++........               (no amulet)
                                g - +1 ring of evasion
                                e - ring of ice

@: short of breath, very slightly contaminated, very slow
A: see invisible, deformed body, poison resistance, slowness 2, slow metabolism
1, spit poison 1, AC +1
a: Spit Poison


You were on level 2 of the Dungeon.
You were not hungry.

You visited 1 branch of the dungeon, and saw 2 of its levels.

You collected 10 gold pieces.

Inventory:

Hand Weapons
 f - a +0 spear (weapon)
Missiles
 i - 4 javelins of returning (quivered)
Armour
 a - a +0 robe (worn)
 b - a +0 hat (worn)
 j - a +1 cloak (worn)
Jewellery
 e - a ring of ice (left hand)
 g - a +1 ring of evasion (right hand)
Scrolls
 k - a scroll of fear
Books
 c - a book of Minor Magic

   Spells                             Type                      Level
   a - Magic Dart                     Conjuration                  1
   b - Blink                          Translocation                2
   c - Call Imp                       Summoning                    2
   d - Repel Missiles                 Charms/Air                   2
   e - Slow                           Hexes                        2
   f - Conjure Flame                  Conjuration/Fire             3
   g - Mephitic Cloud                 Conjuration/Poison/Air       3
Comestibles
 d - a bread ration


   Skills:
 + Level 0.2 Polearms
 + Level 1.7 Dodging
 + Level 3.4 Stealth
 * Level 4.4 Spellcasting
 + Level 1.3 Conjurations
 + Level 1.0 Summonings
 + Level 1.0 Translocations


You had 6 spell levels left.
You knew the following spells:

 Your Spells              Type           Power        Failure   Level  Hunger
a - Magic Dart            Conj           #...         10%         1    None
b - Blink                 Tloc           N/A          14%         2    #......
c - Call Imp              Summ           #.......     14%         2    #......


Dungeon Overview and Level Annotations

Branches:
Dungeon (2/15)

Altars:
Nemelex Xobeh
Xom


Innate Abilities, Weirdness & Mutations

You cannot wear boots.
Your serpentine skin is tough. (AC +1)
You have supernaturally acute eyesight. (SInv)
Armour fits poorly on your strangely shaped body.
Your system is resistant to poisons. (rPois)
You cover ground very slowly.
You have a slow metabolism.
You can spit poison.


Message History

Your crimson imp barely misses the gnoll.
The gnoll barely misses you.
Your crimson imp hits the gnoll.
Your crimson imp hits the gnoll.
Press: ? - help, Shift-Dir - straight line, f/p - gnoll
Aim: a gnoll, wielding a halberd (moderately wounded) Really fire in your crimson imp's direction?
The splash of poison hits the gnoll.
The gnoll is poisoned.
You kill the gnoll!
You feel slightly more hungry.
You barely miss the gnoll.
The gnoll is moderately wounded.
The gnoll hits you with a flail!
* * * LOW HITPOINT WARNING * * *
Your crimson imp barely misses the gnoll.
You barely miss the gnoll.
The gnoll is moderately wounded.
Your crimson imp blinks!
The gnoll hits you with a flail!
You die...

..# #.# # #.# ...
### #[#
.....#####.######.#
_...†..).).....##.#
.....###.###.#.##.#
._. #.##....§g@.# .
##.#.#.####5#
##...## #.# ##)##
#.####### #.#
#........ #.#
#.####### #.# #.#
#.######.#
#.##....<#


You could see a gnoll and a friendly crimson imp.

Vanquished Creatures
  A gnoll (D:2)
  2 oozes
  3 dart slugs (D:1)
  A leopard gecko (D:1)
  2 giant cockroaches (D:1)
  2 goblins (D:2)
  5 hobgoblins
  3 jackals (D:1)
  3 kobolds
  A ball python (D:1)
  4 bats
  2 frilled lizards
  3 rats (D:1)
32 creatures vanquished.

Vanquished Creatures (collateral kills)
  2 adders (D:2)
  A gnoll (D:2)
  A ball python (D:2)
  A rat (D:2)
5 creatures vanquished.

Grand Total: 37 creatures vanquished

Notes
Turn   | Place    | Note
-------+----------+-------------------------------------------
     0 | D:1      | GEC the Naga Wizard began the quest for the Orb.
     0 | D:1      | Reached XP level 1. HP: 15/15 MP: 4/4
   381 | D:1      | Reached XP level 2. HP: 22/22 MP: 0/6
   385 | D:1      | Learned a level 2 spell: Blink
   970 | D:1      | Reached XP level 3. HP: 28/28 MP: 0/8
  1155 | D:1      | Reached skill level 4 in Spellcasting
  1202 | D:1      | Learned a level 2 spell: Call Imp
  1677 | D:2      | Reached XP level 4. HP: 36/36 MP: 1/10
  1865 | D:2      | Found a sparkling altar of Nemelex Xobeh.
  1865 | D:2      | Found a shimmering altar of Xom.
  1903 | D:2      | Slain by a gnoll

Skill      XL: |  1  2  3 |
---------------+----------+-----
Spellcasting   | 4 |  4.4
Polearms       | |  0.2
Dodging        | |  1.7
Stealth        | |  3.4
Conjurations   | |  1.3
Summonings     | |  1.0
Translocations | |  1.0

Action                   |  1- 3 |  4- 6 || total
-------------------------+-------+-------++-------
Melee: Spear             |    34 |    10 ||    44
 Cast: Magic Dart        |    70 |     7 ||    77
       Blink             |     3 |       ||     3
       Call Imp          |     2 |     4 ||     6
 Abil: Spit Poison       |     3 |     1 ||     4
  Use: Scroll            |     2 |       ||     2
       Potion            |     1 |       ||     1
  Eat: Chunk             |     1 |     1 ||     2
Armor: Robe              |     4 |     3 ||     7
Dodge: Dodged            |    23 |     7 ||    30
